Wild vs Lightning

Created - 13 mars 2018 at 18:25

Goals
1 2 3 T
Wild 1 1 0 2
Lightning 2 1 0 3
Shots
1 2 3 T
Wild 10 14 9 33
Lightning 14 7 12 33

1st period

1. Lightning , Nick Foligno 22 (Tyler Seguin 38) at 9:32 (PP)
2. Wild , Adrian Kempe 12 (Joel Ward 11) at 12:44
3. Lightning , Tyler Seguin 28 (Colin Miller 11, Eddie Lack) at 19:54 (SH)

Penalties :
Evgeny Kuznetsov (MIW) for Holding (Minor) at 5:56, Daniel Sedin (MIW) for Hooking (Minor) at 9:24, Carl Soderberg (TAM) for Hooking (Minor) at 14:13, Radko Gudas (TAM) for Cross-checking (Minor) at 18:47

2nd period

4. Wild , Daniel Sedin 15 (Ryan Suter 14) at 10:33 (PP)
5. Lightning , Antoine Vermette 7 (Johnny Boychuk 15) at 19:04

Penalties :
Ryan Hartman (MIW) for Holding (Minor) at 1:34, Colin Miller (TAM) for Roughing (Minor) at 9:58, Mikko Koivu (TAM) for Holding (Minor) at 19:39

3rd period

No Goal

Penalties :
John Moore (MIW) for Cross-checking (Minor) at 9:32, Radko Gudas (TAM) for Holding Stick (Minor) at 14:02

Goalie Stats

Anton Khudobin (MIW), 30 saves from 33 shots - (0,909), L, 1-3-1, 59:10 minutes
Eddie Lack (TAM), 31 saves from 33 shots - (0,939), W, 7-6-2, 60:00 minutes

Players Stats for Wild

Player Name              G  A  P  +/- PIM S  H  SB GA TA FO     MP     PP MP  PK MP  
------------------------------------------------------------------------------------
Adam Lowry               0  0  0   1  0   2  2  1  0  0  3/9    13:19   0:00   2:51 
Adrian Kempe             1  0  1   1  0   5  2  1  0  0  0/0    13:13   3:26   0:00 
Brent Burns              0  0  0  -1  0   2  0  0  0  0  0/1    22:06   5:51   0:11 
Chris Tierney            0  0  0   0  0   2  0  0  0  0  0/1     9:57   0:00   2:51 
Christian Dvorak         0  0  0   0  0   2  2  0  1  0  0/0     9:14   0:00   1:56 
Daniel Sedin             1  0  1  -1  2   2  1  1  0  0  0/0    18:50   3:26   1:18 
Evgeny Kuznetsov         0  0  0  -1  2   1  1  0  0  1  6/12   18:48   5:05   0:00 
Jack Eichel              0  0  0  -2  0   3  1  0  1  0  10/23  20:34   5:05   0:23 
Joel Ward                0  1  1   1  0   0  2  0  0  0  0/1    14:05   0:00   2:51 
John Moore               0  0  0   0  2   2  2  0  0  0  0/0    20:02   2:40   0:00 
Jonas Brodin             0  0  0  -1  0   2  0  1  0  1  0/0    18:19   0:30   3:10 
Kris Letang              0  0  0   1  0   2  2  0  0  2  0/0    23:16   5:21   0:00 
Marcus Johansson         0  0  0  -1  0   3  1  1  1  0  0/1    18:26   5:05   0:00 
Martin Marincin          0  0  0   0  0   3  1  1  0  0  0/0    15:32   0:00   2:59 
Nikita Zadorov           0  0  0   0  0   0  0  1  0  1  0/0    14:15   0:00   2:55 
Ryan Hartman             0  0  0   0  2   0  0  0  0  0  0/0     7:17   0:00   0:00 
Ryan Suter               0  1  1  -2  0   2  0  4  0  0  0/0    20:31   2:40   2:55 
William Nylander         0  0  0   0  0   0  1  0  1  1  0/0    16:07   3:26   0:00 

Players Stats for Lightning

Player Name              G  A  P  +/- PIM S  H  SB GA TA FO     MP     PP MP  PK MP  
------------------------------------------------------------------------------------
Andrej Sekera            0  0  0   0  0   1  1  1  0  0  0/0    26:04   3:07   5:20 
Antoine Vermette         1  0  1   1  0   3  0  0  1  0  2/2    10:43   0:00   2:02 
Carl Soderberg           0  0  0  -1  2   1  0  1  0  1  0/1    10:38   0:00   0:00 
Colin Miller             0  1  1   1  2   0  2  0  0  1  0/0    12:55   0:00   1:51 
Dennis Seidenberg        0  0  0   1  0   0  0  0  1  0  0/0    22:43   2:44   3:11 
Drew Stafford            0  0  0   1  0   1  1  0  1  0  0/0    10:44   0:02   1:44 
Johnny Boychuk           0  1  1   0  0   0  3  0  0  1  0/0    25:46   2:49   5:20 
Jonathan Marchessault    0  0  0   0  0   4  0  0  1  0  1/1    14:36   3:25   0:00 
Jussi Jokinen            0  0  0   0  0   2  4  0  0  0  0/0    14:57   3:25   0:21 
Matt Cullen              0  0  0  -1  0   0  1  0  0  0  0/0    10:53   0:02   0:00 
Mikko Koivu              0  0  0   0  2   3  1  2  1  0  8/10   18:02   3:25   3:36 
Nick Foligno             1  0  1   1  0   2  1  0  0  0  0/2    19:25   2:38   2:07 
Noah Hanifin             0  0  0   0  0   0  0  2  0  0  0/0    11:45   0:46   0:00 
Radim Vrbata             0  0  0   1  0   1  0  1  0  1  0/0    19:15   2:32   2:07 
Radko Gudas              0  0  0   0  4   3  4  0  0  0  0/0    20:46   2:44   1:20 
Ryan Dzingel             0  0  0   1  0   0  0  0  0  0  0/0     8:36   0:00   0:00 
Ryan Nugent-Hopkins      0  0  0  -1  0   6  0  0  0  0  1/5    11:24   0:08   0:11 
Tyler Seguin             1  1  2   0  0   6  1  3  1  0  17/27  22:12   2:38   4:54 

3 Stars

1 - Tyler Seguin (TAM)
2 - Nick Foligno (TAM)
3 - Adrian Kempe (MIW)

Power Play

Wild - 1 on 5 Attempt(s) - 20,00%
Lightning - 1 on 4 Attempt(s) - 25,00%

Penalty Kill

Wild - 3 on 4 Attempt(s) - 75,00% - Score 0 goal in Penalty Kill
Lightning - 4 on 5 Attempt(s) - 80,00% - Score 1 goal in Penalty Kill

Team Stat

Wild - Hits : 18 - Faceoff Wins : 19 - Blocked Shots : 11 - Penalty Minutes : 8
Lightning - Hits : 19 - Faceoff Wins : 29 - Blocked Shots : 10 - Penalty Minutes : 10

Official

Referees : Brad Meier and Mike Hasenfratz
Linesman : Thor Nelson and Matt MacPherson

Game Notes

5:12 of 3rd period - Wild goal is going for a video replay. After video review, No Goal. The puck has been kicked using a distinct kicking motion.

Finance

Level 1 -- Attendance: 5245 (87,42%) -- Ticket Income 445 825 $
Level 2 -- Attendance: 3274 (65,48%) -- Ticket Income 245 550 $
Level 3 -- Attendance: 1104 (55,20%) -- Ticket Income 60 720 $
Level 4 -- Attendance: 1637 (40,93%) -- Ticket Income 65 480 $
Luxury Box -- Attendance: 1000 (100,00%) -- Ticket Income 150 000 $
Game was played at the Tampa Baseball Stadium.
Total Attendance: 12260 (68,11%)
Total Ticket Income: 967 575 $
Other Income: 474 112 $
Total Income: 1 441 687 $

Wild

5 vs 5 Forward 
   Center                   Left Wing                Right Wing               Time % Phy DF OF 
 1 Jack Eichel              Daniel Sedin             Brent Burns              38     0   1  4  
 2 Evgeny Kuznetsov         Marcus Johansson         William Nylander         32     1   0  4  
 3 Adam Lowry               Joel Ward                Adrian Kempe             20     1   3  1  
 4 Chris Tierney            Christian Dvorak         Ryan Hartman             10     0   4  1  

5 vs 5 Defense 
   Defense                  Defense                                           Time % Phy DF OF 
 1 John Moore               Kris Letang                                       40     1   2  2  
 2 Ryan Suter               Jonas Brodin                                      35     1   2  2  
 3 Nikita Zadorov           Martin Marincin                                   25     1   2  2  
 4 Martin Marincin          Brent Burns                                       0      1   2  2  

PowerPlay Forward 
   Center                   Left Wing                Right Wing               Time % Phy DF OF 
 1 Jack Eichel              Marcus Johansson         Evgeny Kuznetsov         60     0   0  5  
 2 William Nylander         Daniel Sedin             Adrian Kempe             40     0   0  5  

PowerPlay Defense
   Defense                  Defense                                           Time % Phy DF OF 
 1 Brent Burns              Kris Letang                                       80     0   0  5  
 2 Ryan Suter               John Moore                                        20     0   1  4  

Penalty Kill 4 Players Forward 
   Center                   Wing                     Time % Phy DF OF 
 1 Adam Lowry               Joel Ward                60     1   2  2  
 2 Chris Tierney            Christian Dvorak         40     1   2  2  

Penalty Kill 4 Players Defense
   Defense                  Defense                  Time % Phy DF OF 
 1 Martin Marincin          Jonas Brodin             60     0   5  0  
 2 Nikita Zadorov           Ryan Suter               40     0   5  0  

Penalty Kill - 3 Players Forward 
   Forward                                           Time % Phy DF OF 
 1 Adam Lowry                                        60     0   5  0  
 2 Chris Tierney                                     40     0   5  0  

Penalty Kill - 3 Players Defense
   Defense                  Defense                  Time % Phy DF OF 
 1 Martin Marincin          Jonas Brodin             60     0   5  0  
 2 Ryan Suter               Nikita Zadorov           40     0   5  0  

4 vs 4 Forward 
   Center                   Wing                     Time % Phy DF OF 
 1 Jack Eichel              Marcus Johansson         60     1   2  2  
 2 Evgeny Kuznetsov         Daniel Sedin             40     1   2  2  

4 vs 4 Defense
   Defense                  Defense                  Time % Phy DF OF 
 1 Brent Burns              Kris Letang              60     1   2  2  
 2 Ryan Suter               John Moore               40     1   2  2  

Last Minutes Offensive
   Center                   Left Wing                Right Wing               Defense                  Defense                  
   Jack Eichel              Marcus Johansson         Evgeny Kuznetsov         Brent Burns              Kris Letang              

Last Minutes Defensive
   Center                   Left Wing                Right Wing               Defense                  Defense                  
   Chris Tierney            Adam Lowry               Joel Ward                Jonas Brodin             Martin Marincin          

Goaltenders
Starting : Anton Khudobin           
Backup : Devan Dubnyk             

Extra Forwards
Normal : William Nylander, Joel Ward, Chris Tierney - PP : William Nylander, Joel Ward - PK : Chris Tierney
Extra Defensemen
Normal : Ryan Suter, Jonas Brodin, Martin Marincin - PP : Kris Letang - PK : Jonas Brodin, Martin Marincin
Penalty Shots
Brent Burns, Jack Eichel, Marcus Johansson, Evgeny Kuznetsov, Daniel Sedin
Custom OT Lines Forwards
Brent Burns, Jack Eichel, Marcus Johansson, Evgeny Kuznetsov, Daniel Sedin, Adrian Kempe, Adam Lowry, William Nylander, Joel Ward, Chris Tierney
Custom OT Lines Defensemen
Brent Burns, Kris Letang, Ryan Suter, John Moore, Jonas Brodin

Scratches
Andrej Nestrasil (Healthy), Frank Vatrano (Healthy), Scott Sabourin (Healthy)

Lightning

5 vs 5 Forward 
   Center                   Left Wing                Right Wing               Time % Phy DF OF 
 1 Tyler Seguin             Nick Foligno             Radim Vrbata             40     1   2  2  
 2 Mikko Koivu              Jonathan Marchessault    Jussi Jokinen            30     1   2  2  
 3 Ryan Nugent-Hopkins      Matt Cullen              Carl Soderberg           20     1   2  2  
 4 Antoine Vermette         Drew Stafford            Ryan Dzingel             10     1   2  2  

5 vs 5 Defense 
   Defense                  Defense                                           Time % Phy DF OF 
 1 Andrej Sekera            Johnny Boychuk                                    40     1   2  2  
 2 Dennis Seidenberg        Radko Gudas                                       30     1   2  2  
 3 Noah Hanifin             Colin Miller                                      20     1   2  2  
 4 Andrej Sekera            Johnny Boychuk                                    10     1   2  2  

PowerPlay Forward 
   Center                   Left Wing                Right Wing               Time % Phy DF OF 
 1 Tyler Seguin             Nick Foligno             Radim Vrbata             60     1   2  2  
 2 Mikko Koivu              Jonathan Marchessault    Jussi Jokinen            40     1   2  2  

PowerPlay Defense
   Defense                  Defense                                           Time % Phy DF OF 
 1 Andrej Sekera            Johnny Boychuk                                    60     1   2  2  
 2 Dennis Seidenberg        Radko Gudas                                       40     1   2  2  

Penalty Kill 4 Players Forward 
   Center                   Wing                     Time % Phy DF OF 
 1 Tyler Seguin             Mikko Koivu              60     1   2  2  
 2 Nick Foligno             Radim Vrbata             40     1   2  2  

Penalty Kill 4 Players Defense
   Defense                  Defense                  Time % Phy DF OF 
 1 Andrej Sekera            Johnny Boychuk           60     1   2  2  
 2 Dennis Seidenberg        Radko Gudas              40     1   2  2  

Penalty Kill - 3 Players Forward 
   Forward                                           Time % Phy DF OF 
 1 Tyler Seguin                                      60     1   2  2  
 2 Mikko Koivu                                       40     1   2  2  

Penalty Kill - 3 Players Defense
   Defense                  Defense                  Time % Phy DF OF 
 1 Andrej Sekera            Johnny Boychuk           60     1   2  2  
 2 Dennis Seidenberg        Radko Gudas              40     1   2  2  

4 vs 4 Forward 
   Center                   Wing                     Time % Phy DF OF 
 1 Tyler Seguin             Mikko Koivu              60     1   2  2  
 2 Nick Foligno             Radim Vrbata             40     1   2  2  

4 vs 4 Defense
   Defense                  Defense                  Time % Phy DF OF 
 1 Andrej Sekera            Johnny Boychuk           60     1   2  2  
 2 Dennis Seidenberg        Radko Gudas              40     1   2  2  

Last Minutes Offensive
   Center                   Left Wing                Right Wing               Defense                  Defense                  
   Tyler Seguin             Nick Foligno             Radim Vrbata             Andrej Sekera            Johnny Boychuk           

Last Minutes Defensive
   Center                   Left Wing                Right Wing               Defense                  Defense                  
   Tyler Seguin             Nick Foligno             Radim Vrbata             Andrej Sekera            Johnny Boychuk           

Goaltenders
Starting : Eddie Lack               
Backup : Braden Holtby            

Extra Forwards
Normal : Ryan Nugent-Hopkins, Matt Cullen, Antoine Vermette - PP : Ryan Nugent-Hopkins, Matt Cullen - PK : Antoine Vermette
Extra Defensemen
Normal : Noah Hanifin, Colin Miller, Dennis Seidenberg - PP : Noah Hanifin - PK : Colin Miller, Dennis Seidenberg
Penalty Shots
Tyler Seguin, Mikko Koivu, Nick Foligno, Radim Vrbata, Jonathan Marchessault
Custom OT Lines Forwards
Tyler Seguin, Mikko Koivu, Nick Foligno, Radim Vrbata, Jonathan Marchessault, Ryan Nugent-Hopkins, Matt Cullen, Antoine Vermette, Jussi Jokinen, Carl Soderberg
Custom OT Lines Defensemen
Andrej Sekera, Johnny Boychuk, Dennis Seidenberg, Radko Gudas, Noah Hanifin

Scratches
Eric Tangradi (Healthy), Michal Rozsival (Healthy), Viktor Stalberg (Healthy)

% Time on Ice - Wild

Lines # - Real PCT - Wanted PCT - Time Play
Normal Forward
1 - 33% - 38% - 14:41
2 - 31% - 32% - 13:35
3 - 22% - 20% - 9:46
4 - 14% - 10% - 6:27
Normal Defense
1 - 39% - 40% - 17:23
2 - 34% - 35% - 14:56
3 - 25% - 25% - 11:13
4 - 2% - 0% - 0:57
PP Forward
1 - 60% - 60% - 5:05
2 - 40% - 40% - 3:26
PP Defense
1 - 69% - 80% - 5:51
2 - 31% - 20% - 2:40
PK Forward
1 - 69% - 60% - 4:11
2 - 31% - 40% - 1:54
PK Defense
1 - 52% - 60% - 3:10
2 - 48% - 40% - 2:55
PK3 Forward
1 - 0% - 60%
2 - 0% - 40%
PK3 Defense
1 - 0% - 60%
2 - 0% - 40%
44 Forward
1 - 0% - 60%
2 - 0% - 40%
44 Defense
1 - 0% - 60%
2 - 0% - 40%
Last Minute Offensive  - 0:55
Last Minute Defensive  - 0:00
Total
Forward - 60:00
Defense - 60:00

% Time on Ice - Lightning

Lines # - Real PCT - Wanted PCT - Time Play
Normal Forward
1 - 32% - 40% - 14:06
2 - 25% - 30% - 11:12
3 - 24% - 20% - 10:34
4 - 19% - 10% - 8:36
Normal Defense
1 - 38% - 40% - 16:52
2 - 35% - 30% - 15:47
3 - 25% - 20% - 10:59
4 - 2% - 10% - 0:50
PP Forward
1 - 44% - 60% - 2:40
2 - 56% - 40% - 3:25
PP Defense
1 - 55% - 60% - 3:21
2 - 45% - 40% - 2:44
PK Forward
1 - 75% - 60% - 6:24
2 - 25% - 40% - 2:07
PK Defense
1 - 64% - 60% - 5:25
2 - 36% - 40% - 3:06
PK3 Forward
1 - 0% - 60%
2 - 0% - 40%
PK3 Defense
1 - 0% - 60%
2 - 0% - 40%
44 Forward
1 - 0% - 60%
2 - 0% - 40%
44 Defense
1 - 0% - 60%
2 - 0% - 40%
Last Minute Offensive  - 0:00
Last Minute Defensive  - 0:56
Total
Forward - 60:00
Defense - 60:00

Play by Play

1st period


0:01 of 1st period - Tyler Seguin wins face-off versus Jack Eichel in neutral zone.
0:26 of 1st period - Kris Letang is hit by Andrej Sekera and loses puck.
1:22 of 1st period - Snap shot by Christian Dvorak.
1:22 of 1st period - Stopped by Eddie Lack with a rebound.
2:13 of 1st period - Matt Cullen is hit by Adam Lowry.
2:46 of 1st period - Slapshot by Tyler Seguin.
2:46 of 1st period - Stopped by Anton Khudobin with a rebound.
3:28 of 1st period - William Nylander is hit by Colin Miller and loses puck.
3:53 of 1st period - Snap shot by Carl Soderberg.
3:53 of 1st period - Stopped by Anton Khudobin with a rebound.
4:03 of 1st period - Snap shot by Adrian Kempe.
4:03 of 1st period - Stopped by Eddie Lack with a rebound.
5:39 of 1st period - Snap shot by Antoine Vermette.
5:39 of 1st period - Stopped by Anton Khudobin with a rebound.
5:41 of 1st period - Snap shot by Antoine Vermette.
5:41 of 1st period - Shot Misses the Net.
5:43 of 1st period - Snap shot by Antoine Vermette.
5:43 of 1st period - Shot Blocked by Nikita Zadorov.
5:53 of 1st period - Slapshot by Antoine Vermette.
5:53 of 1st period - Stopped by Anton Khudobin without a rebound.
5:54 of 1st period - Evgeny Kuznetsov wins face-off versus Tyler Seguin in Wild zone.
5:56 of 1st period - Minor Penalty to Evgeny Kuznetsov for Holding.
5:57 of 1st period - Tyler Seguin wins face-off versus Adam Lowry in Wild zone.
7:56 of 1st period - Penalty to Evgeny Kuznetsov is over, Evgeny Kuznetsov is back on ice.
8:12 of 1st period - Slapshot by Evgeny Kuznetsov.
8:12 of 1st period - Stopped by Eddie Lack without a rebound.
8:13 of 1st period - Evgeny Kuznetsov wins face-off versus Ryan Nugent-Hopkins in Lightning zone.
8:14 of 1st period - Wrist shot by Marcus Johansson.
8:14 of 1st period - Shot Hit the Post.
8:44 of 1st period - Noah Hanifin is hit by Kris Letang and loses puck.
9:02 of 1st period - Nikita Zadorov is hit by Jussi Jokinen and loses puck.
9:13 of 1st period - Nikita Zadorov is hit by Johnny Boychuk and loses puck.
9:22 of 1st period - Snap shot by Radim Vrbata.
9:22 of 1st period - Shot Blocked by Martin Marincin.
9:24 of 1st period - Minor Penalty to Daniel Sedin for Hooking.
9:25 of 1st period - Tyler Seguin wins face-off versus Adam Lowry in Wild zone.
9:30 of 1st period - Snap shot by Tyler Seguin.
9:30 of 1st period - Shot Misses the Net.
9:32 of 1st period - Backhand shot by Nick Foligno.
9:32 of 1st period - Goal by Nick Foligno - Wild : 0 - Lightning : 1.
9:33 of 1st period - Tyler Seguin wins face-off versus Evgeny Kuznetsov in neutral zone.
9:38 of 1st period - Snap shot by Radim Vrbata.
9:38 of 1st period - Shot Blocked by Marcus Johansson.
10:21 of 1st period - Snap shot by Ryan Nugent-Hopkins.
10:21 of 1st period - Shot Misses the Net.
10:24 of 1st period - Icing by Daniel Sedin.
10:25 of 1st period - Tyler Seguin wins face-off versus Jack Eichel in Wild zone.
10:32 of 1st period - Snap shot by Nick Foligno.
10:32 of 1st period - Shot Blocked by Ryan Suter.
10:40 of 1st period - Slapshot by Jack Eichel.
10:40 of 1st period - Shot Blocked by Tyler Seguin.
10:42 of 1st period - Snap shot by Ryan Suter.
10:42 of 1st period - Shot Misses the Net.
10:44 of 1st period - Snap shot by Jonas Brodin.
10:44 of 1st period - Stopped by Eddie Lack with a rebound.
10:46 of 1st period - Slapshot by Jonas Brodin.
10:46 of 1st period - Shot Blocked by Radim Vrbata.
10:48 of 1st period - Slapshot by Jonas Brodin.
10:48 of 1st period - Stopped by Eddie Lack with a rebound.
10:52 of 1st period - Snap shot by Jack Eichel.
10:52 of 1st period - Deflect By Daniel Sedin.
10:52 of 1st period - Stopped by Eddie Lack without a rebound.
10:53 of 1st period - Mikko Koivu wins face-off versus Evgeny Kuznetsov in Lightning zone.
11:41 of 1st period - Snap shot by Jack Eichel.
11:41 of 1st period - Stopped by Eddie Lack without a rebound.
11:42 of 1st period - Tyler Seguin wins face-off versus Jack Eichel in Lightning zone.
12:09 of 1st period - Wrist shot by Nick Foligno.
12:09 of 1st period - Stopped by Anton Khudobin with a rebound.
12:11 of 1st period - Snap shot by Radim Vrbata.
12:11 of 1st period - Shot Misses the Net.
12:13 of 1st period - Slapshot by Radko Gudas.
12:13 of 1st period - Stopped by Anton Khudobin without a rebound.
12:14 of 1st period - Mikko Koivu wins face-off versus Evgeny Kuznetsov in Wild zone.
12:17 of 1st period - Snap shot by Mikko Koivu.
12:17 of 1st period - Shot Misses the Net.
12:19 of 1st period - Slapshot by Jussi Jokinen.
12:19 of 1st period - Stopped by Anton Khudobin with a rebound.
12:21 of 1st period - Snap shot by Mikko Koivu.
12:21 of 1st period - Shot Misses the Net.
12:39 of 1st period - Matt Cullen is hit by Joel Ward and loses puck.
12:44 of 1st period - Snap shot by Adrian Kempe.
12:44 of 1st period - Goal by Adrian Kempe - Wild : 1 - Lightning : 1.
12:45 of 1st period - Tyler Seguin wins face-off versus Marcus Johansson in neutral zone.
12:54 of 1st period - Slapshot by Radim Vrbata.
12:54 of 1st period - Stopped by Anton Khudobin without a rebound.
12:55 of 1st period - Evgeny Kuznetsov wins face-off versus Tyler Seguin in Wild zone.
13:14 of 1st period - Wrist shot by Tyler Seguin.
13:14 of 1st period - Stopped by Anton Khudobin with a rebound.
13:16 of 1st period - Snap shot by Tyler Seguin.
13:16 of 1st period - Stopped by Anton Khudobin without a rebound.
13:17 of 1st period - Mikko Koivu wins face-off versus Jack Eichel in Wild zone.
13:47 of 1st period - Slapshot by Radim Vrbata.
13:47 of 1st period - Shot Misses the Net.
14:01 of 1st period - Wrist shot by Ryan Nugent-Hopkins.
14:01 of 1st period - Stopped by Anton Khudobin without a rebound.
14:02 of 1st period - Evgeny Kuznetsov wins face-off versus Carl Soderberg in Wild zone.
14:02 of 1st period - Evgeny Kuznetsov is hit by Radko Gudas.
14:13 of 1st period - Minor Penalty to Carl Soderberg for Hooking.
14:14 of 1st period - Tyler Seguin wins face-off versus Jack Eichel in Lightning zone.
15:09 of 1st period - Wrist shot by Nick Foligno.
15:09 of 1st period - Shot Blocked by Ryan Suter.
16:13 of 1st period - Penalty to Carl Soderberg is over, Carl Soderberg is back on ice.
16:23 of 1st period - Slapshot by Ryan Suter.
16:23 of 1st period - Shot Blocked by Carl Soderberg.
16:25 of 1st period - Snap shot by Chris Tierney.
16:25 of 1st period - Shot Misses the Net.
16:27 of 1st period - Slapshot by John Moore.
16:27 of 1st period - Stopped by Eddie Lack with a rebound.
16:33 of 1st period - Slapshot by Ryan Suter.
16:33 of 1st period - Stopped by Eddie Lack with a rebound.
17:46 of 1st period - Snap shot by Jonathan Marchessault.
17:46 of 1st period - Stopped by Anton Khudobin with a rebound.
18:06 of 1st period - Evgeny Kuznetsov is hit by Radko Gudas and loses puck.
18:17 of 1st period - Matt Cullen is hit by Adrian Kempe and loses puck.
18:33 of 1st period - Nikita Zadorov is hit by Drew Stafford and loses puck.
18:47 of 1st period - Minor Penalty to Radko Gudas for Cross-checking.
18:48 of 1st period - Jack Eichel wins face-off versus Tyler Seguin in Lightning zone.
19:54 of 1st period - Wrist shot by Tyler Seguin.
19:54 of 1st period - Goal by Tyler Seguin - Wild : 1 - Lightning : 2.
19:55 of 1st period - Tyler Seguin wins face-off versus Jack Eichel in neutral zone.
19:57 of 1st period - Off-side.
19:58 of 1st period - Jack Eichel wins face-off versus Tyler Seguin in neutral zone.
Goals for this period are 1 for Wild vs 2 for Lightning.
Shots for this period are 10 for Wild vs 14 for Lightning.

2nd period


0:01 of 2nd period - Mikko Koivu wins face-off versus Jack Eichel in neutral zone.
0:42 of 2nd period - Snap shot by Jack Eichel.
0:42 of 2nd period - Shot Misses the Net.
0:47 of 2nd period - Penalty to Radko Gudas is over, Radko Gudas is back on ice.
0:53 of 2nd period - Off-side.
0:54 of 2nd period - Antoine Vermette wins face-off versus Adam Lowry in neutral zone.
1:06 of 2nd period - Snap shot by Adrian Kempe.
1:06 of 2nd period - Stopped by Eddie Lack with a rebound.
1:10 of 2nd period - Snap shot by Adrian Kempe.
1:10 of 2nd period - Shot Misses the Net.
1:34 of 2nd period - Minor Penalty to Ryan Hartman for Holding.
1:35 of 2nd period - Adam Lowry wins face-off versus Tyler Seguin in Wild zone.
2:07 of 2nd period - Wrist shot by Jonas Brodin.
2:07 of 2nd period - Shot Blocked by Mikko Koivu.
2:09 of 2nd period - Snap shot by Christian Dvorak.
2:09 of 2nd period - Stopped by Eddie Lack without a rebound.
2:10 of 2nd period - Mikko Koivu wins face-off versus Chris Tierney in Lightning zone.
2:31 of 2nd period - Slapshot by Mikko Koivu.
2:31 of 2nd period - Shot Blocked by Ryan Suter.
2:33 of 2nd period - Snap shot by Mikko Koivu.
2:33 of 2nd period - Shot Misses the Net.
2:35 of 2nd period - Slapshot by Andrej Sekera.
2:35 of 2nd period - Deflect By Jonathan Marchessault.
2:35 of 2nd period - Stopped by Anton Khudobin with a rebound.
2:39 of 2nd period - Wrist shot by Mikko Koivu.
2:39 of 2nd period - Stopped by Anton Khudobin with a rebound.
2:41 of 2nd period - Wrist shot by Mikko Koivu.
2:41 of 2nd period - Stopped by Anton Khudobin with a rebound.
2:53 of 2nd period - Wrist shot by Jonathan Marchessault.
2:53 of 2nd period - Shot Misses the Net.
2:55 of 2nd period - Backhand shot by Radko Gudas.
2:55 of 2nd period - Stopped by Anton Khudobin with a rebound.
3:19 of 2nd period - Adam Lowry is hit by Jussi Jokinen and loses puck.
3:34 of 2nd period - Penalty to Ryan Hartman is over, Ryan Hartman is back on ice.
4:24 of 2nd period - Colin Miller is hit by Martin Marincin and loses puck.
6:47 of 2nd period - Icing by Colin Miller.
6:48 of 2nd period - Antoine Vermette wins face-off versus Adam Lowry in Lightning zone.
6:48 of 2nd period - Antoine Vermette is hit by Joel Ward.
7:34 of 2nd period - Snap shot by Drew Stafford.
7:34 of 2nd period - Stopped by Anton Khudobin without a rebound.
7:35 of 2nd period - Mikko Koivu wins face-off versus Evgeny Kuznetsov in Wild zone.
8:11 of 2nd period - Slapshot by Joel Ward.
8:11 of 2nd period - Shot Blocked by Tyler Seguin.
8:42 of 2nd period - Slapshot by Dennis Seidenberg.
8:42 of 2nd period - Shot Hit the Post.
8:48 of 2nd period - Jussi Jokinen is hit by John Moore and loses puck.
9:03 of 2nd period - Snap shot by Marcus Johansson.
9:03 of 2nd period - Shot Misses the Net.
9:05 of 2nd period - Slapshot by Martin Marincin.
9:05 of 2nd period - Shot Misses the Net.
9:07 of 2nd period - Snap shot by William Nylander.
9:07 of 2nd period - Shot Misses the Net.
9:09 of 2nd period - Slapshot by Martin Marincin.
9:09 of 2nd period - Deflect By Radko Gudas.
9:09 of 2nd period - Stopped by Eddie Lack without a rebound.
9:10 of 2nd period - Jack Eichel wins face-off versus Nick Foligno in Lightning zone.
9:21 of 2nd period - Snap shot by Brent Burns.
9:21 of 2nd period - Deflect By Tyler Seguin.
9:21 of 2nd period - Stopped by Eddie Lack with a rebound.
9:41 of 2nd period - Slapshot by Ryan Suter.
9:41 of 2nd period - Deflect By Joel Ward.
9:41 of 2nd period - Shot Misses the Net.
9:41 of 2nd period - Puck is out of play.
9:42 of 2nd period - Mikko Koivu wins face-off versus Adam Lowry in Lightning zone.
9:47 of 2nd period - Snap shot by Adrian Kempe.
9:47 of 2nd period - Shot Blocked by Noah Hanifin.
9:49 of 2nd period - Snap shot by John Moore.
9:49 of 2nd period - Stopped by Eddie Lack with a rebound.
9:51 of 2nd period - Backhand shot by Adam Lowry.
9:51 of 2nd period - Stopped by Eddie Lack with a rebound.
9:53 of 2nd period - Slapshot by Kris Letang.
9:53 of 2nd period - Shot Misses the Net.
9:58 of 2nd period - Minor Penalty to Colin Miller for Roughing.
9:59 of 2nd period - Tyler Seguin wins face-off versus Jack Eichel in Lightning zone.
10:13 of 2nd period - Slapshot by Marcus Johansson.
10:13 of 2nd period - Shot Blocked by Mikko Koivu.
10:15 of 2nd period - Snap shot by Marcus Johansson.
10:15 of 2nd period - Stopped by Eddie Lack with a rebound.
10:31 of 2nd period - Slapshot by Ryan Suter.
10:31 of 2nd period - Stopped by Eddie Lack with a rebound.
10:33 of 2nd period - Slapshot by Ryan Suter.
10:33 of 2nd period - Deflect By Daniel Sedin.
10:33 of 2nd period - Goal by Daniel Sedin - Wild : 2 - Lightning : 2.
10:34 of 2nd period - Tyler Seguin wins face-off versus Jack Eichel in neutral zone.
10:43 of 2nd period - Nick Foligno is hit by Jack Eichel.
10:51 of 2nd period - Snap shot by Jack Eichel.
10:51 of 2nd period - Shot Misses the Net.
11:01 of 2nd period - Johnny Boychuk is hit by Kris Letang and loses puck.
11:49 of 2nd period - Backhand shot by Kris Letang.
11:49 of 2nd period - Deflect By Adam Lowry.
11:49 of 2nd period - Stopped by Eddie Lack without a rebound.
11:50 of 2nd period - Jonathan Marchessault wins face-off versus Evgeny Kuznetsov in Lightning zone.
11:50 of 2nd period - Jonathan Marchessault is hit by Evgeny Kuznetsov.
11:56 of 2nd period - Slapshot by Andrej Sekera.
11:56 of 2nd period - Shot Blocked by Ryan Suter.
12:20 of 2nd period - Snap shot by Ryan Nugent-Hopkins.
12:20 of 2nd period - Shot Misses the Net.
13:04 of 2nd period - Snap shot by Ryan Nugent-Hopkins.
13:04 of 2nd period - Stopped by Anton Khudobin with a rebound.
13:50 of 2nd period - Christian Dvorak is hit by Mikko Koivu and loses puck.
14:03 of 2nd period - Colin Miller is hit by John Moore and loses puck.
15:04 of 2nd period - Off-side.
15:05 of 2nd period - Jack Eichel wins face-off versus Nick Foligno in neutral zone.
16:05 of 2nd period - Snap shot by Chris Tierney.
16:05 of 2nd period - Stopped by Eddie Lack with a rebound.
16:07 of 2nd period - Slapshot by Chris Tierney.
16:07 of 2nd period - Deflect By Ryan Nugent-Hopkins.
16:07 of 2nd period - Stopped by Eddie Lack without a rebound.
16:08 of 2nd period - Jack Eichel wins face-off versus Tyler Seguin in Lightning zone.
16:36 of 2nd period - Johnny Boychuk is hit by William Nylander.
17:00 of 2nd period - Wrist shot by Adrian Kempe.
17:00 of 2nd period - Stopped by Eddie Lack with a rebound.
18:11 of 2nd period - Snap shot by Marcus Johansson.
18:11 of 2nd period - Stopped by Eddie Lack with a rebound.
18:21 of 2nd period - Radko Gudas is hit by Adam Lowry and loses puck.
18:44 of 2nd period - Dennis Seidenberg is hit by Daniel Sedin and loses puck.
18:53 of 2nd period - Daniel Sedin is hit by Johnny Boychuk and loses puck.
19:04 of 2nd period - Snap shot by Antoine Vermette.
19:04 of 2nd period - Goal by Antoine Vermette - Wild : 2 - Lightning : 3.
19:05 of 2nd period - Tyler Seguin wins face-off versus Jack Eichel in neutral zone.
19:32 of 2nd period - John Moore is hit by Jussi Jokinen.
19:39 of 2nd period - Minor Penalty to Mikko Koivu for Holding.
19:40 of 2nd period - Jack Eichel wins face-off versus Tyler Seguin in Lightning zone.
19:55 of 2nd period - Wrist shot by Marcus Johansson.
19:55 of 2nd period - Shot Blocked by Tyler Seguin.
Goals for this period are 1 for Wild vs 1 for Lightning.
Shots for this period are 14 for Wild vs 7 for Lightning.

3rd period


0:01 of 3rd period - Tyler Seguin wins face-off versus Jack Eichel in neutral zone.
0:04 of 3rd period - Slapshot by Andrej Sekera.
0:04 of 3rd period - Stopped by Anton Khudobin with a rebound.
1:39 of 3rd period - Penalty to Mikko Koivu is over, Mikko Koivu is back on ice.
2:09 of 3rd period - Nikita Zadorov is hit by Radko Gudas and loses puck.
2:24 of 3rd period - Wrist shot by Ryan Nugent-Hopkins.
2:24 of 3rd period - Stopped by Anton Khudobin with a rebound.
3:07 of 3rd period - Ryan Suter is hit by Johnny Boychuk.
3:58 of 3rd period - Snap shot by Jonathan Marchessault.
3:58 of 3rd period - Stopped by Anton Khudobin with a rebound.
4:34 of 3rd period - Drew Stafford is hit by Christian Dvorak and loses puck.
4:43 of 3rd period - Antoine Vermette is hit by Christian Dvorak and loses puck.
5:00 of 3rd period - Snap shot by Tyler Seguin.
5:00 of 3rd period - Stopped by Anton Khudobin without a rebound.
5:01 of 3rd period - Tyler Seguin wins face-off versus Jack Eichel in Wild zone.
5:08 of 3rd period - Slapshot by Brent Burns.
5:08 of 3rd period - Shot Misses the Net.
5:10 of 3rd period - Slapshot by Martin Marincin.
5:10 of 3rd period - Stopped by Eddie Lack with a rebound.
5:12 of 3rd period - Slapshot by Martin Marincin.
5:12 of 3rd period - Wild goal is going for a video replay.
5:12 of 3rd period - The goal is refused. The puck has been kicked using a distinct kicking motion..
5:13 of 3rd period - Mikko Koivu wins face-off versus Brent Burns in Lightning zone.
5:19 of 3rd period - Icing by Kris Letang.
5:20 of 3rd period - Jack Eichel wins face-off versus Mikko Koivu in Wild zone.
5:39 of 3rd period - Slapshot by Brent Burns.
5:39 of 3rd period - Stopped by Eddie Lack with a rebound.
5:41 of 3rd period - Slapshot by Kris Letang.
5:41 of 3rd period - Stopped by Eddie Lack without a rebound.
5:42 of 3rd period - Evgeny Kuznetsov wins face-off versus Tyler Seguin in Lightning zone.
5:55 of 3rd period - Snap shot by Evgeny Kuznetsov.
5:55 of 3rd period - Shot Misses the Net.
5:57 of 3rd period - Slapshot by Jonas Brodin.
5:57 of 3rd period - Shot Blocked by Andrej Sekera.
6:07 of 3rd period - Ryan Suter is hit by Jussi Jokinen and loses puck.
6:34 of 3rd period - Ryan Nugent-Hopkins is hit by Adrian Kempe and loses puck.
6:59 of 3rd period - Snap shot by Christian Dvorak.
6:59 of 3rd period - Shot Misses the Net.
7:30 of 3rd period - Snap shot by Jonathan Marchessault.
7:30 of 3rd period - Stopped by Anton Khudobin with a rebound.
7:32 of 3rd period - Slapshot by Dennis Seidenberg.
7:32 of 3rd period - Deflect By Jussi Jokinen.
7:32 of 3rd period - Stopped by Anton Khudobin with a rebound.
7:34 of 3rd period - Slapshot by Mikko Koivu.
7:34 of 3rd period - Stopped by Anton Khudobin with a rebound.
7:36 of 3rd period - Snap shot by Jussi Jokinen.
7:36 of 3rd period - Shot Blocked by Daniel Sedin.
7:38 of 3rd period - Snap shot by Mikko Koivu.
7:38 of 3rd period - Shot Blocked by Jonas Brodin.
7:40 of 3rd period - Snap shot by Jonathan Marchessault.
7:40 of 3rd period - Shot Misses the Net.
7:56 of 3rd period - Snap shot by Adrian Kempe.
7:56 of 3rd period - Stopped by Eddie Lack with a rebound.
7:58 of 3rd period - Snap shot by Joel Ward.
7:58 of 3rd period - Shot Misses the Net.
8:10 of 3rd period - Chris Tierney is hit by Colin Miller and loses puck.
8:15 of 3rd period - Backhand shot by Tyler Seguin.
8:15 of 3rd period - Stopped by Anton Khudobin without a rebound.
8:16 of 3rd period - Jack Eichel wins face-off versus Tyler Seguin in Wild zone.
8:25 of 3rd period - Snap shot by Jack Eichel.
8:25 of 3rd period - Shot Misses the Net.
8:43 of 3rd period - Jussi Jokinen is hit by Marcus Johansson and loses puck.
9:06 of 3rd period - Wrist shot by Ryan Nugent-Hopkins.
9:06 of 3rd period - Stopped by Anton Khudobin without a rebound.
9:07 of 3rd period - Adam Lowry wins face-off versus Ryan Nugent-Hopkins in Wild zone.
9:07 of 3rd period - Adam Lowry is hit by Matt Cullen.
9:17 of 3rd period - Snap shot by Ryan Nugent-Hopkins.
9:17 of 3rd period - Shot Misses the Net.
9:19 of 3rd period - Slapshot by Johnny Boychuk.
9:19 of 3rd period - Shot Blocked by Adam Lowry.
9:27 of 3rd period - Snap shot by Ryan Nugent-Hopkins.
9:27 of 3rd period - Shot Blocked by Adrian Kempe.
9:29 of 3rd period - Slapshot by Radko Gudas.
9:29 of 3rd period - Stopped by Anton Khudobin without a rebound.
9:30 of 3rd period - Jack Eichel wins face-off versus Tyler Seguin in Wild zone.
9:32 of 3rd period - Minor Penalty to John Moore for Cross-checking.
9:33 of 3rd period - Tyler Seguin wins face-off versus Adam Lowry in Wild zone.
11:32 of 3rd period - Penalty to John Moore is over, John Moore is back on ice.
11:48 of 3rd period - Wrist shot by Marcus Johansson.
11:48 of 3rd period - Stopped by Eddie Lack without a rebound.
11:49 of 3rd period - Evgeny Kuznetsov wins face-off versus Ryan Nugent-Hopkins in Lightning zone.
11:50 of 3rd period - Wrist shot by William Nylander.
11:50 of 3rd period - Shot Blocked by Noah Hanifin.
12:20 of 3rd period - Icing by John Moore.
12:21 of 3rd period - Jack Eichel wins face-off versus Mikko Koivu in Wild zone.
12:34 of 3rd period - Snap shot by Jack Eichel.
12:34 of 3rd period - Stopped by Eddie Lack with a rebound.
12:36 of 3rd period - Snap shot by Jack Eichel.
12:36 of 3rd period - Stopped by Eddie Lack without a rebound.
12:37 of 3rd period - Tyler Seguin wins face-off versus Evgeny Kuznetsov in Lightning zone.
12:48 of 3rd period - Wrist shot by Radim Vrbata.
12:48 of 3rd period - Shot Misses the Net.
14:02 of 3rd period - Minor Penalty to Radko Gudas for Holding Stick.
14:03 of 3rd period - Tyler Seguin wins face-off versus Jack Eichel in Lightning zone.
14:43 of 3rd period - Slapshot by Kris Letang.
14:43 of 3rd period - Stopped by Eddie Lack with a rebound.
15:52 of 3rd period - Brent Burns is hit by Nick Foligno and loses puck.
16:02 of 3rd period - Penalty to Radko Gudas is over, Radko Gudas is back on ice.
16:09 of 3rd period - Marcus Johansson is hit by Radko Gudas and loses puck.
16:49 of 3rd period - Jonas Brodin is hit by Tyler Seguin and loses puck.
17:56 of 3rd period - Wrist shot by Ryan Nugent-Hopkins.
17:56 of 3rd period - Stopped by Anton Khudobin without a rebound.
17:57 of 3rd period - Ryan Nugent-Hopkins wins face-off versus Joel Ward in Wild zone.
18:00 of 3rd period - Wrist shot by Ryan Nugent-Hopkins.
18:00 of 3rd period - Stopped by Anton Khudobin without a rebound.
18:01 of 3rd period - Adam Lowry wins face-off versus Ryan Nugent-Hopkins in Wild zone.
19:10 of 3rd period - Wild, Anton Khudobin is pulled from the net.
Goals for this period are 0 for Wild vs 0 for Lightning.
Shots for this period are 9 for Wild vs 12 for Lightning.